 Dungeon Crawl Stone Soup version 0.31-a0-150-g89dc3ad700 (webtiles) character file.

Game seed: 3127381383279311338

88 qw the Shooter (level 4, -13/38 HPs)
             Began as a Minotaur Hunter on June 8, 2023.
             Mangled by a gnoll
             ... wielding a +0 halberd
              (16 damage)
             ... on level 3 of the Dungeon.
             The game lasted 00:00:45 (1671 turns).

qw the Shooter (Minotaur Hunter)                    Turns: 1671, Time: 00:00:46

Health: -13/38     AC:  5    Str: 16    XL:     4   Next: 30%
Magic:  3/3        EV: 11    Int:  6    God:
Gold:   67         SH:  0    Dex: 15    Spells: 3/3 levels left

rFire   . . .        Y - +1 shortbow
rCold   . . .        (shield currently unavailable)
rNeg    . . .        d - +0 ring mail
rPois   .            (helmet restricted)
rElec   .            (no cloak)
rCorr   .            (no gloves)
SInv    .            (no boots)
Will    .....        (no amulet)
Stlth   +            (no ring)
HPRegen 0.26/turn    (no ring)
MPRegen 0.08/turn

%: no passive effects
@: no status effects
A: horns 2, retaliatory headbutt
a: no special abilities


You were on level 3 of the Dungeon.
You visited 1 branch of the dungeon, and saw 3 of its levels.

You collected 67 gold pieces.


Innate Abilities, Weirdness & Mutations

You have a pair of horns on your head.
You reflexively headbutt those who attack you in melee.


   Skills:
 + Level 3.0 Fighting
 - Level 6.1 Ranged Weapons
 - Level 1.0 Armour
 - Level 2.1 Dodging
 - Level 0.7 Stealth


You had 3 spell levels left.
You didn't know any spells.
Your spell library was empty.

Inventory:

Hand Weapons
 Y - a +1 shortbow (weapon)
Armour
 d - a +0 ring mail (worn)
Scrolls
 b - a scroll of identify
 c - a scroll of amnesia {unknown}
Potions
 a - a potion of heal wounds {unknown}
 g - a potion of attraction {unknown}

Dungeon Overview and Level Annotations

Branches:
Dungeon (3/15)

Altars:


Message History

There is a stone staircase leading down here.
You climb downwards.
Found a scroll labelled BIFOHA VIFUCHO.
There is a stone staircase leading up here.
Waypoint 2 assigned to D:3.
A gnoll comes into view. It is wielding a +0 whip.
Found a scroll labelled SIJAPN URENT.
You shoot an arrow. The arrow hits the gnoll.
The gnoll is heavily wounded.
A gnoll is nearby!
You shoot an arrow. The arrow hits the gnoll.
You kill the gnoll!
Your Ranged Weapons skill increases to level 6!
c - a scroll labelled BIFOHA VIFUCHO 2 gnolls and an endoplasm come into view.
The gnoll shouts! x2
The endoplasm quivers.
An endoplasm comes into view.
You shoot an arrow. The arrow hits the gnoll!
The gnoll is severely wounded.
You shoot an arrow. The arrow barely misses the gnoll.
The arrow closely misses the gnoll.
You shoot an arrow. The arrow closely misses the gnoll.
The arrow barely misses the endoplasm.
The gnoll hits you with a +0 whip.
The gnoll hits you from afar with a +0 halberd.
The gnoll barely misses you.
The gnoll hits you from afar with a +0 halberd!
You shoot an arrow. The arrow hits the gnoll.
The gnoll is almost dead.
The endoplasm barely misses you. The gnoll closely misses you.
You furiously retaliate!
You headbutt the gnoll, but do no damage.
The gnoll hits you from afar with a +0 halberd!
You shoot an arrow. The arrow hits the gnoll.
The gnoll is almost dead.
The endoplasm freezes you.
You are frozen.
The gnoll hits you with a +0 whip.
The gnoll hits you from afar with a +0 halberd!
You die...

.# ##.# .# #..#
##.# #<# ...# #.#
...#
.######.####...####
..................#
.................^#
#######.#..@J.....#
#.#.##g?..### #.#.#
gJ..# #.#.# ....#
#.#.# #.#.# ..#.#
.#.# #.#.# .. .
#.... .# .


You could see 2 gnolls and 2 endoplasms.

Vanquished Creatures
  Robin (D:2)
  A gnoll (D:3)
  A worm (D:2)
  2 dart slugs
  6 endoplasms
  2 giant cockroaches
  8 goblins
  5 hobgoblins
  6 jackals (D:2)
  4 kobolds
  4 quokkas
  4 ball pythons
  5 bats (D:1)
  2 frilled lizards
  4 rats
55 creatures vanquished.

Notes
Turn   | Place    | Note
-------+----------+-------------------------------------------
     0 | D:1      | qw the Minotaur Hunter began the quest for the Orb.
     0 | D:1      | Reached XP level 1. HP: 18/18 MP: 0/0
     0 | D:1      | 0 ||| qw: Version: 0.2-a-120-gdf1a93b
     0 | D:1      | 0 ||| qw: Game counter: 2971
     0 | D:1      | 0 ||| qw: Always use a shield: true
     0 | D:1      | 0 ||| qw: God list: Okawaru
     0 | D:1      | 0 ||| qw: Allow faded altars: false
     0 | D:1      | 0 ||| qw: Do Orc after D:15 true
     0 | D:1      | 0 ||| qw: Do second Lair branch before Depths: true
     0 | D:1      | 0 ||| qw: Lair rune preference: random
     0 | D:1      | 0 ||| qw: Plans: Normal
     0 | D:1      | 0 ||| PLANNING D:1-11
   106 | D:1      | Reached skill level 5 in Ranged Weapons
   106 | D:1      | Reached XP level 2. HP: 25/25 MP: 1/1
   235 | D:1      | Found a faded altar of an unknown god.
   294 | D:1      | Reached skill level 3 in Fighting
   758 | D:1      | 758 ||| UPGRADING to +0 ring mail.
   768 | D:1      | 768 ||| DROPPING +0 leather armour.
   769 | D:1      | 769 ||| READING scroll labelled HOMADI ZAMOTAWN.
   770 | D:1      | 770 ||| READING scroll labelled FELLUSUSESH.
   771 | D:1      | 771 ||| READING scroll labelled ABLAXU ZYTECI.
   772 | D:1      | 772 ||| READING 2 scrolls labelled KAMA ZAUTRIMONYOMP.
   773 | D:1      | 773 ||| READING scroll labelled CITUMU PYCU.
   774 | D:1      | 774 ||| DROPPING scroll of butterflies.
   775 | D:1      | 775 ||| DROPPING scroll of fear.
   777 | D:1      | 777 ||| Stepping ~*~*~tactically~*~*~ (cloud).
   901 | D:2      | Reached XP level 3. HP: 31/31 MP: 2/2
   915 | D:2      | Reached skill level 1 in Armour
  1173 | D:2      | Noticed Robin
  1196 | D:2      | Killed Robin
  1197 | D:2      | Reached XP level 4. HP: 16/38 MP: 3/3
  1660 | D:3      | Reached skill level 6 in Ranged Weapons
  1671 | D:3      | HP: 7/38 [frozen (5)]
  1671 | D:3      | HP: 3/38 [gnoll/+0 whip (4)]
  1671 | D:3      | Mangled by a gnoll

Levels and vault maps discovered:
D:1:      dpeg_arrival_long_road, layout_basic,
          hellmonk_ecumenical_altar_arch_garden
D:2:      layout_loops_ring, chequers_serial_rivers_large_b, grunt_ministairs_1,
          uniq_robin
D:3:      cheibrodos_fertilizer, layout_loops_ring, uniq_crazy_yiuf_cottage,
          uniq_jessica

Skill      XL: |  1  2  3  4 |
---------------+-------------+-----
Ranged Weapons | 5 6 |  6.1
Fighting       | 3 |  3.0
Armour         | 1 |  1.0
Dodging        | |  2.1
Stealth        | |  0.7

Action                     |  1- 3 |  4- 6 || total
---------------------------+-------+-------++-------
   Fire: Shortbow          |   138 |    15 ||   153
    Use: Scroll            |     5 |       ||     5
 Armour: Leather armour    |     4 |       ||     4
         Ring mail         |    20 |     1 ||    21
  Dodge: Dodged            |    55 |     4 ||    59

Table legend:
 A = Non-vault XP
 B = Vault XP
 C = Vault XP percentage of total XP
 D = Non-vault monster count
 E = Vault monster count
 F = Vault count percentage of total count
                 A         B        C        D         E       F
            +---------+---------+-------+---------+---------+-------
      Total |      93 |      34 |  26.8 |      44 |      11 |  20.0
            +---------+---------+-------+---------+---------+-------
        D:1 |      39 |       0 |   0.0 |      24 |       0 |   0.0
        D:2 |      40 |      34 |  45.9 |      19 |      11 |  36.7
        D:3 |      14 |       0 |   0.0 |       1 |       0 |   0.0
            +---------+---------+-------+---------+---------+-------
